 Dungeon Crawl Stone Soup version 0.31-a0-133-gaae73658be (webtiles) character file.

Game seed: 18057758183560980445

6661 ketsa the Thaumaturge (level 11, 84/84 HPs)
             Began as a Djinni Conjurer on June 2, 2023.
             Was an Initiate of Ashenzari.
             Got out of the dungeon alive.
             The game lasted 00:29:46 (9775 turns).

ketsa the Thaumaturge (Djinni Conjurer)             Turns: 9775, Time: 00:29:46

Health: 84/84      AC: 11    Str:  6    XL:     11   Next: 22%
Gold:   551        EV: 12    Int: 33    God:    Ashenzari [......] SH:  0 Dex: 12

rFire   + + .        L - +2 dagger (protect)
rCold   x . .        g - orb {light}
rNeg    . . .        a - +0 robe
rPois   ∞            Q - +2 hat {Int+3}
rElec   .            P - +2 cloak
rCorr   .            (no gloves)
SInv    .            (boots unavailable)
Will    +....        (no amulet)
Stlth   +            p - +4 ring of protection
HPRegen 0.34/turn    G - +6 ring of intelligence
MPRegen 0.00/turn

%: no passive effects
@: flying, glowing
A: sickness immunity, fire resistance 2, cold vulnerability 1, float, innate
caster, HP casting, extra vitality 1
a: Renounce Religion, Curse Item


You escaped.
You worshipped Ashenzari.
Ashenzari was noncommittal.
You visited 3 branches of the dungeon, and saw 11 of its levels.
You also visited: Ossuary.

You collected 590 gold pieces.
You spent 39 gold pieces at shops.

Inventory:

Hand Weapons
 j - a +0 dagger
 k - a +0 short sword
 q - a +0 vampiric short sword
 v - a +0 dagger of venom
 I - the +2 mace of Zesiasuz {elec, rPois rF+}
   (You found it on level 5 of the Dungeon)

   rF:        It protects you from fire.
   rPois:     It protects you from poison.
 L - a +2 dagger of protection (weapon)
 M - a +3 long sword
Missiles
 m - 18 poisoned darts
 t - 8 boomerangs (quivered)
 y - 2 throwing nets
Armour
 a - a +0 robe (worn)
 f - a +1 ring mail of poison resistance
 g - an orb of light (worn)
 n - a +0 buckler
 P - a +2 cloak (worn)
 Q - a +2 hat of intelligence (worn)
Magical Staves
 K - a staff of cold
Jewellery
 e - a ring of positive energy
 p - a +4 ring of protection (left hand)
 r - a +4 ring of protection
 G - a +6 ring of intelligence (right hand)
Wands
 x - a wand of quicksilver (4)
 D - a wand of mindburst (30)
Scrolls
 b - 2 scrolls of enchant weapon {unknown}
 c - a scroll of noise {unknown}
 d - 7 scrolls of teleportation
 h - 4 scrolls of poison
 i - a scroll of torment {unknown}
 l - a scroll of blinking {unknown}
 o - 2 scrolls of magic mapping {unknown}
 w - a scroll of fear {unknown}
 A - 3 scrolls of vulnerability
 B - a scroll of amnesia {unknown}
Potions
 s - 4 potions of lignification
 u - 2 potions of heal wounds
 z - 7 potions of curing
 C - 2 potions of brilliance
 E - a potion of enlightenment {unknown}
 F - a potion of degeneration {unknown}
 H - 2 potions of mutation
 J - a potion of attraction
 N - 3 potions of might {unknown}
 O - 2 potions of haste {unknown}


   Skills:
 + Level 9.4 Fighting
 - Level 2.1 Dodging
 - Level 1.5 Stealth
 + Level 10.7 Spellcasting
 + Level 10.7 Conjurations
 + Level 10.7 Hexes
   Level 0.0 Charms
 + Level 10.7 Summonings
 + Level 10.7 Necromancy
 + Level 10.7 Translocations
 + Level 10.7 Transmutations
 + Level 10.7 Fire Magic
 + Level 10.7 Ice Magic
 + Level 10.7 Air Magic
 + Level 10.7 Earth Magic
 + Level 10.7 Poison Magic


You knew the following spells:

 Your Spells              Type           Power      Damage    Failure   Level
a - Magic Dart            Conj           100%       1d8       1%          1
b - Searing Ray           Conj           100%       2d8       1%          2
c - Dazzling Flash        Conj/Hex       100%       N/A       1%          3
d - Fulminant Prism       Conj/Hex       36%        3d17      1%          4
e - Iskenderun's Mystic   Conj/Tloc      73%        2d15      1%          4
f - Slow                  Hex            100%       N/A       1%          1
g - Wereblood             Tmut           73%        N/A       1%          2
h - Blink                 Tloc           100%       N/A       1%          2
i - Portal Projectile     Hex/Tloc       100%       N/A       1%          3
j - Silence               Hex/Air        36%        N/A       1%          5
Your spell library was empty.

Dungeon Overview and Level Annotations

Branches:
Dungeon (9/15)             Temple (1/1) D:6             Orc (1/2) D:9
Ossuary (visited)
   Lair: D:8-11

Altars:
Ashenzari
Cheibriados
Dithmenos
Elyvilon
Fedhas
Gozag
Hepliaklqana
Makhleb
Nemelex Xobeh
Okawaru
Qazlal
Ru
Trog
Uskayaw
Wu Jian
Yredelemnul
Zin
The Shining One

Shops:
D:3 !   D:7 **


Innate Abilities, Weirdness & Mutations

You are immune to sickness and miasma.
You are immune to poison.
Your flesh is very heat resistant. (rF++)
You are vulnerable to cold. (rC-)
You float through the air rather than walking.
You learn spells naturally, not from books.
Your magical power is your life essence.
You have superior vitality. (+4 MHP)


Message History

You erupt in a blast of force!
The mystic blast hits the wraith!
The wraith is severely damaged.
The wraith is knocked back by the mystic blast.
Casting: Iskenderun's Mystic Blast (safe; 1% risk of failure)
Confirm with . or Enter, or press ? or * to list all spells.
You erupt in a blast of force!
The mystic blast hits the wraith!!
You destroy the wraith!
Unknown command.
You feel yourself speed up.
You see here a +0 flail.
There is a stone staircase leading up here.
You fly upwards.
There is a stone staircase leading down here.
There is a stone staircase leading up here.
You fly upwards.
There is a stone staircase leading down here.
HP restored.
There is a stone staircase leading up here.
You fly upwards.
There is a stone staircase leading down here.
There is an escape hatch in the ceiling here.
A mysterious force pulls you upwards. The hatch slams shut behind you.
There is an open door here.
You see here a +1 spear of venom.
There is a stone staircase leading down here.
There is an escape hatch in the ceiling here.
A mysterious force pulls you upwards. The hatch slams shut behind you.
There is a stone staircase leading up here.
You fly upwards.
There is a stone staircase leading down here.
There is a stone staircase leading up here.
You fly upwards.
There is a stone staircase leading down here.
You see here a book of the Senses.
There is a stone staircase leading up here.
You fly upwards.
There is a stone staircase leading down here.
There is a staircase leading out of the dungeon here.
Are you sure you want to leave the Dungeon?
This will make you lose the game!
You have escaped!

.# #.# ##.#
#.##.# .#
#.# #..#
#.##.#
.####.#
#.## #.##.#
......# #.#
#.##.#
####### #.#
#.##.#
########
#.##.#
#......#
#.##.#
#.....##
#.##.#
#..##.@#
#.##.#
###.#.###
#.##.#
##....##
###.##.#
##..####
#......#
####
##....#
#.#.#..#
...##
#..########
#......#
.#..###..#
##..#
#.#.#.##
##.......#
#..##
#.....#
#####..###
##.##
#.#.###


There were no monsters in sight!

Vanquished Creatures
  Gastronok (D:8)
  A two-headed ogre (D:8)
  A wraith (D:9)
  4 wyverns
  3 yaks
  2 steam dragons
  A warg (D:9)
  A water moccasin (D:8)
  An orc warrior (D:9)
  A black bear (D:6)
  3 sky beasts
  3 ice beasts
  2 centaurs
  4 bullfrogs
  A kobold brigand (D:7)
  A gnoll sergeant (D:9)
  2 scorpions (D:6)
  11 wights
  4 killer bees (D:8)
  2 centaur zombies (Ossuary)
  5 hounds
  A gnoll bouda (D:7)
  2 orc priests (D:9)
  2 human zombies (Ossuary)
  3 iguanas
  5 sleepcaps
  Natasha (thrice) (D:3)
  6 orc wizards
  2 mummies (Ossuary)
  15 gnolls
  7 adders
  A shadow imp (D:7)
  3 white imps
  3 ufetubi
  2 adder zombies (Ossuary)
  3 worms
  7 dart slugs
  17 orcs
  12 ball pythons
  4 bats
  7 endoplasms
  2 giant cockroaches
  13 hobgoblins
  8 jackals
  7 kobolds
  A quokka (D:2)
  A frilled lizard (D:2)
  6 goblins
  2 goblin zombies (Ossuary)
  13 hobgoblin zombies (Ossuary)
  3 jackal zombies (Ossuary)
  5 kobold zombies (Ossuary)
  7 orc zombies (Ossuary)
  4 rats
  A rat zombie (Ossuary)
232 creatures vanquished.

Vanquished Creatures (others)
  46 fulminant prisms
46 creatures vanquished.

Grand Total: 278 creatures vanquished

Notes
Turn   | Place    | Note
-------+----------+-------------------------------------------
     0 | D:1      | ketsa the Djinni Conjurer began the quest for the Orb.
     0 | D:1      | ketsa set off with the following spells memorised: Magic
                  | Dart, Searing Ray, Dazzling Flash, Fulminant Prism,
                  | Iskenderun's Mystic Blast.
     0 | D:1      | Reached XP level 1. HP: 15/15 MP: 0/0
   172 | D:1      | Reached XP level 2. HP: 13/21 MP: 0/0
   823 | D:2      | Reached XP level 3. HP: 21/25 MP: 0/0
   823 | D:2      | Learned a level 1 spell: Slow
  1137 | D:2      | Reached XP level 4. HP: 29/31 MP: 0/0
  1912 | D:3      | Reached XP level 5. HP: 28/35 MP: 0/0
  1912 | D:3      | Learned a level 2 spell: Wereblood
  1996 | D:3      | Reached skill level 5 in Spellcasting
  1996 | D:3      | Reached skill level 5 in Conjurations
  1996 | D:3      | Reached skill level 5 in Hexes
  1996 | D:3      | Reached skill level 5 in Summonings
  1996 | D:3      | Reached skill level 5 in Necromancy
  1996 | D:3      | Reached skill level 5 in Translocations
  1996 | D:3      | Reached skill level 5 in Transmutations
  1996 | D:3      | Reached skill level 5 in Fire Magic
  1996 | D:3      | Reached skill level 5 in Ice Magic
  1996 | D:3      | Reached skill level 5 in Air Magic
  1996 | D:3      | Reached skill level 5 in Earth Magic
  1996 | D:3      | Reached skill level 5 in Poison Magic
  2116 | D:3      | Noticed Natasha
  2119 | D:3      | Killed Natasha
  2126 | D:3      | Found Ystreima's Distillery.
  2139 | D:3      | Bought a potion of curing for 39 gold pieces
  2162 | D:3      | Found a snail-covered altar of Cheibriados.
  2163 | D:3      | Found an opulent altar of Gozag.
  2231 | D:3      | Noticed Natasha
  2235 | D:3      | Killed Natasha
  2236 | D:3      | Reached skill level 1 in Fighting
  2267 | D:3      | Reached XP level 6. HP: 40/42 MP: 0/0
  2285 | D:3      | Noticed Natasha
  2289 | D:3      | Killed Natasha
  2957 | D:4      | Found a bloodstained altar of Trog.
  3007 | D:5      | Entered Level 5 of the Dungeon
  3020 | D:4      | Reached XP level 7. HP: 39/49 MP: 0/0
  3020 | D:4      | Learned a level 2 spell: Blink
  3631 | D:5      | Identified the +2 mace of Zesiasuz {elec, rPois rF+}
  3748 | D:5      | Found a stormy altar of Qazlal.
  4215 | D:6      | Reached XP level 8. HP: 51/57 MP: 0/0
  4463 | D:6      | Found a blossoming altar of Fedhas.
  5041 | D:6      | Found a basalt altar of Yredelemnul.
  5157 | D:6      | Found a glowing golden altar of the Shining One.
  5284 | D:6      | Found a staircase to the Ecumenical Temple.
  5293 | Temple   | Entered the Ecumenical Temple
  5396 | Temple   | Became a worshipper of Ashenzari the Shackled
  5535 | D:7      | Reached skill level 5 in Fighting
  5631 | D:7      | Reached XP level 9. HP: 60/65 MP: 0/0
  5631 | D:7      | Learned a level 3 spell: Portal Projectile
  5880 | D:7      | Found Amoriceets's General Store.
  5884 | D:7      | Found Awkeuxki's Specific Store.
  6119 | D:7      | Found a shadowy altar of Dithmenos.
  6499 | D:8      | Found a sand-covered staircase.
  6506 | Ossuary  | Entered an ossuary
  6973 | D:8      | Noticed Gastronok
  7210 | D:8      | Noticed a two-headed ogre
  7227 | D:8      | Killed a two-headed ogre
  7228 | D:8      | Reached XP level 10. HP: 58/75 MP: 0/0
  7570 | D:8      | Killed Gastronok
  7571 | D:8      | Reached skill level 10 in Spellcasting
  7571 | D:8      | Reached skill level 10 in Conjurations
  7571 | D:8      | Reached skill level 10 in Hexes
  7571 | D:8      | Reached skill level 10 in Summonings
  7571 | D:8      | Reached skill level 10 in Necromancy
  7571 | D:8      | Reached skill level 10 in Translocations
  7571 | D:8      | Reached skill level 10 in Transmutations
  7571 | D:8      | Reached skill level 10 in Fire Magic
  7571 | D:8      | Reached skill level 10 in Ice Magic
  7571 | D:8      | Reached skill level 10 in Air Magic
  7571 | D:8      | Reached skill level 10 in Earth Magic
  7571 | D:8      | Reached skill level 10 in Poison Magic
  8293 | D:9      | Found a staircase to the Orcish Mines.
  8784 | D:9      | Reached XP level 11. HP: 55/82 MP: 0/0
  8784 | D:9      | Learned a level 5 spell: Silence
  9214 | Orc:1    | Entered Level 1 of the Orcish Mines
  9534 | D:9      | They fucked up ashenzari....
  9775 | D:$      | Got out of the dungeon alive.

Illustrated notes

##....# #..# ...
##...###..## #....
##........###.....
##...............
##..............
##.............
##............
##...........
##..@W......
##.........
##...###.. ##..#
#.# #. #. #.


Turn 9534 on D:9: They fucked up ashenzari....

Levels and vault maps discovered:
D:1:      lemuel_arrival_tunnels, layout_loops_ring
D:2:      layout_basic
D:3:      layout_loops_cross, nicolae_overflow_two_pavilions, serial_shops,
          shop, uniq_natasha
D:4:      layout_cave_pools, lemuel_doored_altar, bloody_trog
D:5:      layout_basic, grunt_qazlal_clouds
D:6:      layout_basic, mainiacjoe_overflow_tiny_flanked, tso_metal_star,
          fedhas_altar_3, minmay_temple_entry_nine_rooms,
          minmay_misc_feat_roman, lemuel_flamethrower_1
D:7:      layout_basic, nicolae_dithmenos_the_darkroom, kennysheep_path_1,
          nicolae_specific_store
D:8:      layout_loops_ring, enter_ossuary_1, kennysheep_crisscross,
          grunt_tough_drop, uniq_gastronok
D:9:      layout_big_octagon, orc_0_dummy, chequers_serial_rivers_micro_d
Temple:   minmay_temple_bridge_abc
Orc:1:    layout_caves, basic_altar

Skill      XL: |  1  2  3  4  5  6  7  8  9 10 11 |
---------------+----------------------------------+-----
Spellcasting   | 4 5 6 7 9 10 | 10.7
Conjurations   | 4 5 6 7 9 10 | 10.7
Hexes          | 4 5 6 7 9 10 | 10.7
Summonings     | 4 5 6 7 9 10 | 10.7
Necromancy     | 4 5 6 7 9 10 | 10.7
Translocations | 4 5 6 7 9 10 | 10.7
Transmutations | 4 5 6 7 9 10 | 10.7
Fire Magic     | 4 5 6 7 9 10 | 10.7
Ice Magic      | 4 5 6 7 9 10 | 10.7
Air Magic      | 4 5 6 7 9 10 | 10.7
Earth Magic    | 4 5 6 7 9 10 | 10.7
Poison Magic   | 4 5 6 7 9 10 | 10.7
Fighting       | 1 2 3 5 7 8 9 |  9.4
Dodging        | |  2.1
Stealth        | |  1.5

Action                     |  1- 3 |  4- 6 |  7- 9 | 10-12 || total
---------------------------+-------+-------+-------+-------++-------
  Melee: Short sword       |       |     3 |    22 |       ||    25
         Dagger            |       |       |       |     9 ||     9
  Throw: Boomerang         |       |       |       |     3 ||     3
   Cast: Magic Dart        |    55 |    76 |    77 |    20 ||   228
         Searing Ray       |     4 |    20 |    57 |    24 ||   105
         Fulminant Prism   |       |       |    31 |    15 ||    46
         Iskenderun's Myst |       |       |     1 |    11 ||    12
         Portal Projectile |       |       |       |     1 ||     1
    Use: Scroll            |       |     2 |     5 |       ||     7
 Armour: Robe              |     1 |    16 |    49 |    28 ||    94
  Dodge: Dodged            |     6 |    15 |    67 |    36 ||   124

Table legend: (Time is in decaauts)
 A = Elapsed time spent in this place.
 B = Non-inter-level travel time spent in this place.
 C = Inter-level travel time spent in this place.
 D = Time resting spent in this place.
 E = Time spent auto-exploring this place.
 F = Levels seen in this place.
 G = Mean time per level.
                   A        B        C        D        E       F      G
               +--------+--------+--------+--------+--------+-----+--------+
         Total |   9806 |   9370 |    436 |   2470 |   4709 |  12 |  817.2 |
       Dungeon |   9190 |   8772 |    418 |   2329 |   4584 |   9 | 1021.1 |
        Temple |    122 |    104 |     18 |      0 |     88 |   1 |  122.0 |
  Orcish Mines |     60 |     60 |      0 |      0 |      0 |   1 |   60.0 |
       Ossuary |    432 |    432 |      0 |    141 |     37 |   1 |  432.0 |
               +--------+--------+--------+--------+--------+-----+--------+

Top non-repeatable levels by time:
     D:8: 1657 daAuts
     D:6: 1175 daAuts
     D:7: 1159 daAuts
     D:5: 1093 daAuts
     D:3: 872 daAuts
     D:9: 867 daAuts
     D:1: 813 daAuts
     D:2: 782 daAuts
     D:4: 768 daAuts
 Ossuary: 432 daAuts
  Temple: 122 daAuts
   Orc:1: 60 daAuts
